 Dungeon Crawl Stone Soup version 0.24-a0-244-ga6a6ab7 (webtiles) character file.

Game seed: 8413198916949776565

110 Pliplop the Skirmisher (level 4, 0/35 HPs)
             Began as a Demonspawn Gladiator on Apr 10, 2019.
             Slain by a hippogriff (6 damage)
             ... on level 3 of the Dungeon.
             The game lasted 00:02:38 (1656 turns).

Pliplop the Skirmisher (Demonspawn Gladiator)       Turns: 1656, Time: 00:02:39

Health: 0/35       AC:  7    Str: 16    XL:     4   Next: 61%
Magic:  4/4        EV: 12    Int:  9    God:
Gold:   130        SH:  0    Dex: 14    Spells: 3/3 levels left

rFire    + . .     SeeInvis .   a - +0 war axe
rCold    . . .     Gourm    .   (no shield)
rNeg     . . .     Faith    .   b - +0 leather armour
rPois    .         Spirit   .   (helmet restricted)
rElec    .         Reflect  .   u - +0 cloak
rCorr    .         Harm     .   (no gloves)
MR       .....                  r - +0 pair of boots
Stlth    +.........             (no amulet)
HPRegen  0.11/turn              i - ring of protection from fire
MPRegen  0.09/turn              o - +2 ring of protection

@: no status effects
A: claws 1, horns 1
a: no special abilities


You were on level 3 of the Dungeon.
You were not hungry.

You visited 1 branch of the dungeon, and saw 3 of its levels.

You collected 130 gold pieces.

Inventory:

Hand Weapons
 a - a +0 war axe (weapon)
Missiles
 d - 3 throwing nets (quivered)
Armour
 b - a +0 leather armour (worn)
 c - a +0 helmet
 r - a +0 pair of boots (worn)
 u - a +0 cloak (worn)
Jewellery
 i - a ring of protection from fire (left claw)
 o - a +2 ring of protection (right claw)
Scrolls
 g - a scroll of teleportation {unknown}
 j - a scroll of immolation {unknown}
 k - 2 scrolls of noise {unknown}
 m - a scroll of enchant armour {unknown}
 n - a scroll of fog {unknown}
 q - a scroll of magic mapping {unknown}
 s - a scroll of fear {unknown}
 v - 2 scrolls of identify {unknown}
Potions
 e - a potion of cancellation {unknown}
 h - a potion of ambrosia {unknown}
 l - a potion of curing
 p - a potion of heal wounds {unknown}
Comestibles
 f - 6 rations
 t - 15 chunks of flesh


   Skills:
 + Level 3.3 Fighting
 - Level 2.6 Axes
 - Level 1.7 Throwing
 * Level 3.1 Armour
 - Level 2.6 Dodging


You had 3 spell levels left.
You didn't know any spells.
Your spell library was empty.

Dungeon Overview and Level Annotations

Branches:
Dungeon (3/15)

Altars:
Vehumet


Innate Abilities, Weirdness & Mutations

You have sharp fingernails.
You have a pair of small horns on your head.


Message History

You are too injured to fight recklessly!
You are too injured to fight recklessly!
You are too injured to fight recklessly!
You are too injured to fight recklessly!
You are too injured to fight recklessly!
You are too injured to fight recklessly!
You are too injured to fight recklessly!
You are too injured to fight recklessly!
You are too injured to fight recklessly!
You are too injured to fight recklessly!
You are too injured to fight recklessly!
You slash the hippogriff!
The hippogriff is moderately wounded.
The hippogriff bites you.
* * * LOW HITPOINT WARNING * * *
The hippogriff pecks you.
* * * LOW HITPOINT WARNING * * *
The hippogriff barely misses you. The hippogriff bites you.
You die...

#.............
###......######
#.............#
#.#......####.#
#.##....## #.#
# ##.#.# ##.##
#.#.# ##...##
#.#.###H..<.##
#.#...@......#
#...####......#
#... ........#
#...
####.##....
#### #.# .###
.# . ##


You could see a hippogriff.

Vanquished Creatures
  Jessica (D:2)
  3 adders
  2 oozes
  A dart slug (D:1)
  A leopard gecko (D:1)
  5 orcs (D:3)
  2 giant cockroaches (D:1)
  4 goblins
  2 hobgoblins (D:2)
  4 jackals (D:1)
  7 bats
  3 frilled lizards
  4 kobolds
  2 rats
41 creatures vanquished.

Notes
Turn   | Place    | Note
-------+----------+-------------------------------------------
     0 | D:1      | Pliplop the Demonspawn Gladiator began the quest for the
                  | Orb.
     0 | D:1      | Reached XP level 1. HP: 16/16 MP: 1/1
    97 | D:1      | Reached skill level 1 in Armour
    97 | D:1      | Gained mutation: You have sharp fingernails. [demonic
                  | ancestry]
    97 | D:1      | Reached XP level 2. HP: 16/22 MP: 2/2
   503 | D:1      | Gained mutation: You have a pair of small horns on your
                  | head. [demonic ancestry]
   503 | D:1      | Reached XP level 3. HP: 27/28 MP: 3/3
   902 | D:2      | Noticed Jessica
   920 | D:2      | Killed Jessica
   920 | D:2      | Reached XP level 4. HP: 19/35 MP: 4/4
  1089 | D:2      | Found a radiant altar of Vehumet.
  1632 | D:3      | Noticed a hippogriff
  1656 | D:3      | Slain by a hippogriff

Levels and vault maps discovered:
D:1:      dpeg_arrival_rooms_b, layout_rooms, chequers_serial_rivers_micro_a,
          st_stairs_5, minmay_bisected
D:2:      layout_rooms, fiery_altar_vehumet, serial_forest,
          infiniplex_forest_straight_3, infiniplex_forest_clump_long,
          infiniplex_forest_clump_double, infiniplex_forest_end_3,
          infiniplex_forest_lined_2, infiniplex_forest_zigzag_2,
          infiniplex_forest_zigzag_1, infiniplex_forest_straight_2,
          infiniplex_forest_zigzag_1, minivault_26, uniq_jessica
D:3:      layout_loops_ring, ebering_ghost_rock_garden, first_ration,
          chequers_serial_rivers_micro_c, minmay_strange_pillars

Skill      XL: |  1  2  3  4 |
---------------+-------------+-----
Armour         | 1 2 3 |  3.1
Fighting       | 3 |  3.3
Axes           | |  2.6
Throwing       | |  1.7
Dodging        | |  2.6

Action                   |  1- 3 |  4- 6 || total
-------------------------+-------+-------++-------
Melee: War axe           |    59 |    29 ||    88
       Headbutt          |     3 |     8 ||    11
 Stab: Distracted        |       |     1 ||     1
  Eat: Chunk             |       |     2 ||     2
Armor: Leather armour    |    34 |    12 ||    46
Dodge: Dodged            |    53 |    19 ||    72

Table legend:
 A = Non-vault XP
 B = Vault XP
 C = Vault XP percentage of total XP
 D = Non-vault monster count
 E = Vault monster count
 F = Vault count percentage of total count
                 A         B        C        D         E       F
            +---------+---------+-------+---------+---------+-------
      Total |     115 |      43 |  27.2 |      36 |       5 |  12.2
            +---------+---------+-------+---------+---------+-------
        D:1 |      36 |       6 |  14.3 |      16 |       4 |  20.0
        D:2 |      37 |      37 |  50.0 |       9 |       1 |  10.0
        D:3 |      42 |       0 |   0.0 |      11 |       0 |   0.0
            +---------+---------+-------+---------+---------+-------
